[Event "Titled Tuesday Blitz April 25 Early 2023"]
[White "BenchGM"]
[Black "Dixit, Nikhil"]
[BlackFideId "5059534"]
[WhiteElo "2412"]
[BlackElo "2207"]
[Result "0-1"]
[Round "10"]
[TimeControl "180+2"]
[Date "2023.04.25"]
[WhiteClock "0:01:47"]
[BlackClock "0:01:51"]

1. d4 Nf6 2. c4 g6 3. Nc3 Bg7 4. e4 d6 5. h3 O-O 6. Be3 c6 7. g4 a6 8. Qd2 b5 9. f3 bxc4 10. Bxc4 d5 11. exd5 Nxd5 12. Nxd5 cxd5 13. Bd3 Nc6 14. Ne2 e5 15. dxe5 Nxe5 16. Kf2 Nc4 17. Bxc4 dxc4 18. Bd4 Qh4+ 19. Kg2 Rd8 20. Rad1 Bb7 21. Qc3 Rxd4 22. Nxd4 h5 23. gxh5 Qxh5 24. Rhe1 Rd8 25. Re3 Qg5+ 26. Kf2 Qh4+ 27. Ke2 Bxd4 0-1


[Site "https://www.chess.com"]

[Event "Titled Tuesday Blitz April 25 Early 2023"]
[White "Shevtchenko, Olesya"]
[Black "Hoffmann, Asa"]
[WhiteFideId "24131890"]
[BlackFideId "2001470"]
[WhiteElo "2003"]
[BlackElo "2117"]
[Result "1-0"]
[Round "10"]
[TimeControl "180+2"]
[Date "2023.04.25"]
[WhiteClock "0:00:22"]
[BlackClock "0:00:28"]

1. e4 d6 2. d4 Nf6 3. Nc3 c6 4. g3 Nbd7 5. Bg2 e5 6. Nge2 Be7 7. h3 b5 8. a3 a6 9. O-O Bb7 10. g4 O-O 11. Ng3 Re8 12. g5 exd4 13. gxf6 Bxf6 14. Nce2 Qb6 15. Nf5 c5 16. Bf4 Be5 17. Qd2 g6 18. Nh6+ Kg7 19. Ng4 h5 20. Bxe5+ dxe5 21. Qh6+ Kg8 22. Nh2 Qf6 23. Ng3 Qg7 24. Qxg7+ Kxg7 25. f4 c4 26. h4 Nf6 27. Rae1 Rad8 28. f5 d3 29. cxd3 Rxd3 30. Nf3 Ng4 31. Rd1 Red8 32. Rxd3 Rxd3 33. Bh3 f6 34. fxg6 Kxg6 35. Kg2 Rb3 36. Re1 Rxb2+ 37. Re2 Rb3 38. Bxg4 hxg4 39. h5+ Kh7 40. Nh2 Bc8 41. Nf5 Bxf5 42. exf5 c3 43. Nxg4 Rb2 44. Kf3 a5 45. Nxf6+ Kh6 46. Rxe5 b4 47. axb4 axb4 48. Ne4 Kxh5 49. Rc5 Rb1 50. Kf4 Rf1+ 51. Ke5 Kg4 52. Ke6 Rf4 53. Nf6+ Kg5 54. Nh7+ Kh6 55. Nf6 Kg5 56. Ne8 Re4+ 57. Kd7 Rd4+ 58. Nd6 Kf6 59. Kc6 Rd2 60. Kb5 c2 61. Ne4+ Ke7 62. Nxd2 b3 63. Nxb3 1-0


[Site "https://www.chess.com"]

[Event "Titled Tuesday Blitz April 25 Early 2023"]
[White "MKlose11"]
[Black "De Souza, Cristiano Gomes"]
[BlackFideId "2151758"]
[WhiteElo "2548"]
[BlackElo "2068"]
[Result "1-0"]
[Round "10"]
[TimeControl "180+2"]
[Date "2023.04.25"]
[WhiteClock "0:00:08"]
[BlackClock "0:00:03"]

1. e4 c5 2. Nc3 d6 3. g3 g6 4. Bg2 Bg7 5. d3 Nc6 6. Be3 Nf6 7. h3 O-O 8. Qd2 Ne8 9. Bh6 Nd4 10. Bxg7 Nxg7 11. Nd1 Rb8 12. c3 Nde6 13. Ne2 b5 14. Ne3 Bb7 15. O-O f5 16. f4 a5 17. Rfe1 b4 18. d4 cxd4 19. Nxd4 fxe4 20. cxb4 Nxd4 21. Qxd4 axb4 22. Bxe4 Bxe4 23. Qxe4 Qb6 24. Kg2 e6 25. Rac1 Rbc8 26. Ng4 Rc5 27. Rxc5 Qxc5 28. Re2 h5 29. Nf2 Kh7 30. Rc2 Qf5 31. Rc7 Kh6 32. Qxb4 e5 33. Qxd6 exf4 34. Qxf4+ Qxf4 35. gxf4 Rxf4 36. Nd3 Rd4 37. Rc3 Ne6 38. Kf3 Ng5+ 39. Ke3 Rh4 40. b4 Rxh3+ 41. Ke2 Ne4 42. Rb3 Nd6 43. b5 Rh4 44. b6 Nb7 45. Kd2 Ra4 46. a3 h4 47. Nb2 Rd4+ 48. Kc3 1-0


[Site "https://www.chess.com"]

[Event "Titled Tuesday Blitz April 25 Early 2023"]
[White "Fiorito, Francisco"]
[Black "Putri, Regita Desyari"]
[WhiteFideId "180165"]
[BlackFideId "7109083"]
[WhiteElo "2341"]
[BlackElo "1930"]
[Result "1-0"]
[Round "10"]
[TimeControl "180+2"]
[Date "2023.04.25"]
[WhiteClock "0:00:13"]
[BlackClock "0:00:01"]

1. d4 Nf6 2. Nc3 d5 3. Bf4 a6 4. e3 e6 5. g4 Bd6 6. g5 Bxf4 7. gxf6 Bd6 8. fxg7 Rg8 9. Qf3 Rxg7 10. Bd3 Nd7 11. Nge2 Qf6 12. Qxf6 Nxf6 13. Ng3 Ke7 14. Ke2 Bd7 15. Rag1 Rag8 16. Rg2 c5 17. dxc5 Bxc5 18. Rhg1 Kf8 19. f4 Bc6 20. Rf2 h5 21. Re1 Ng4 22. Nd1 Nxf2 23. Nxf2 Rh8 24. c3 h4 25. Nf1 Be7 26. Kf3 h3 27. Ng3 Bh4 28. Ng4 Bxg3 29. hxg3 h2 30. Rh1 d4+ 31. e4 f5 32. Nf2 dxc3 33. bxc3 Rd7 34. Ke3 fxe4 35. Bxe4 Bb5 36. Ng4 Rc7 37. Kd4 Ke7 38. Rxh2 Rxh2 39. Nxh2 Rd7+ 40. Ke3 Rd1 41. Nf3 Ra1 42. g4 Rxa2 43. g5 Re2+ 44. Kd4 a5 45. Ne5 Rd2+ 46. Ke3 Rd8 47. c4 Bc6 48. Bxc6 Rc8 49. Bb5 Rg8 50. g6 Kd6 51. Kd4 1-0


[Site "https://www.chess.com"]

[Event "Titled Tuesday Blitz April 25 Early 2023"]
[White "Hambleton, Aman"]
[Black "Goldin, Roman"]
[WhiteFideId "2606577"]
[BlackFideId "2803860"]
[WhiteElo "2511"]
[BlackElo "2312"]
[Result "1-0"]
[Round "10"]
[TimeControl "180+2"]
[Date "2023.04.25"]
[WhiteClock "0:00:04"]
[BlackClock "0:00:01"]

1. d4 Nf6 2. Bf4 d6 3. e3 g6 4. h3 Bg7 5. Bh2 O-O 6. Nf3 c5 7. c3 Nc6 8. Be2 cxd4 9. exd4 Nd5 10. O-O e5 11. c4 Nf4 12. Bxf4 exf4 13. Qd2 Qf6 14. Rd1 Re8 15. Nc3 g5 16. Nd5 Qd8 17. Bd3 Be6 18. Nc3 d5 19. Bc2 Nb4 20. Ba4 dxc4 21. Bxe8 Qxe8 22. Nxg5 Nd5 23. Nxe6 fxe6 24. Re1 Qf7 25. Qe2 Bxd4 26. Qxe6 Nxc3 27. Qxf7+ Kxf7 28. Rac1 Nd5 29. Rxc4 Bf6 30. Rd1 Rd8 31. a4 Bxb2 32. Rb1 Nb6 33. Rc7+ Rd7 34. Rxd7+ Nxd7 35. Rxb2 Nc5 36. Rb4 Ke6 37. Rxf4 a5 38. Rh4 Kd5 39. Kf1 Kc6 40. Ke2 b6 41. Kd2 b5 42. axb5+ Kxb5 43. Rxh7 a4 44. Ra7 Kb4 45. h4 Kb3 46. h5 a3 47. h6 a2 48. Rxa2 Kxa2 49. h7 1-0


[Site "https://www.chess.com"]

[Event "Titled Tuesday Blitz April 25 Early 2023"]
[White "Bilan, Danila"]
[Black "Csonka, Balazs"]
[WhiteFideId "24161918"]
[BlackFideId "742910"]
[WhiteElo "2182"]
[BlackElo "2404"]
[Result "0-1"]
[Round "10"]
[TimeControl "180+2"]
[Date "2023.04.25"]
[WhiteClock "0:00:10"]
[BlackClock "0:00:28"]

1. d4 d5 2. Nf3 Nf6 3. c4 e6 4. Nc3 dxc4 5. e3 c5 6. Bxc4 a6 7. a3 b5 8. Ba2 Bb7 9. O-O Nbd7 10. Qe2 Bd6 11. dxc5 Bxc5 12. e4 Qb8 13. Bg5 O-O 14. Rac1 Be7 15. Rfd1 Rd8 16. e5 Bxf3 17. exf6 Bxe2 18. fxe7 Re8 19. Rxd7 Bc4 20. Rd8 Qe5 21. Rcd1 Qxg5 22. Rxa8 Rxa8 23. Bxc4 bxc4 24. Ne4 0-1


[Site "https://www.chess.com"]

[Event "Titled Tuesday Blitz April 25 Early 2023"]
[White "Lorenzo De La Riva, Lazaro"]
[Black "Averjanov, Alexey"]
[WhiteFideId "2268809"]
[BlackFideId "14109867"]
[WhiteElo "2294"]
[BlackElo "2668"]
[Result "0-1"]
[Round "10"]
[TimeControl "180+2"]
[Date "2023.04.25"]
[WhiteClock "0:01:47"]
[BlackClock "0:01:11"]

1. b3 b6 2. Bb2 Bb7 3. Nf3 Nf6 4. e3 e6 5. Be2 Be7 6. O-O O-O 7. d4 c5 8. Nbd2 d5 9. a3 Nbd7 10. Ne5 Rc8 11. f4 Rc7 12. Bd3 Qa8 13. Qf3 Rfc8 14. Nxd7 Rxd7 15. f5 c4 16. fxe6 fxe6 17. Qh3 cxd3 18. Qxe6+ Kh8 19. Rxf6 Bxf6 20. Qxd7 Rxc2 21. Bc1 Bc6 22. Qf5 Bb5 23. a4 Ba6 24. Nf3 Qe8 25. Bd2 Rxd2 26. Nxd2 Qxe3+ 27. Qf2 Qxf2+ 28. Kxf2 Bxd4+ 29. Kf3 Bxa1 30. b4 Bc3 31. Nb3 d2 0-1


[Site "https://www.chess.com"]

[Event "Titled Tuesday Blitz April 25 Early 2023"]
[White "Degenbaev, Aziz"]
[Black "Bryant, John Daniel"]
[WhiteFideId "13802640"]
[BlackFideId "2031280"]
[WhiteElo "2152"]
[BlackElo "2455"]
[Result "0-1"]
[Round "10"]
[TimeControl "180+2"]
[Date "2023.04.25"]
[WhiteClock "0:02:26"]
[BlackClock "0:00:07"]

1. e4 c5 2. Nf3 d6 3. d4 cxd4 4. Nxd4 Nf6 5. Nc3 a6 6. Be2 g6 7. Be3 Bg7 8. O-O Nc6 9. Nb3 Bd7 10. h3 Rc8 11. f4 O-O 12. Qd2 Na5 13. Nxa5 Qxa5 14. Nd5 Qxd2 15. Nxe7+ Kh8 16. Bxd2 Rxc2 17. Rad1 Nxe4 18. Bd3 Rxd2 19. Rxd2 Nxd2 20. Rd1 Ne4 21. Bxe4 Re8 22. Rxd6 Rxe7 23. Bxb7 a5 24. Ra6 Bxb2 25. Rxa5 Be6 26. a4 Rxb7 27. Ra8+ Kg7 28. a5 Bd4+ 29. Kh2 Rb2 30. a6 Ra2 31. Rd8 Be3 32. a7 Rxa7 33. f5 Bxf5 34. h4 Bf4+ 35. g3 Ra2+ 36. Kg1 Bxg3 37. Kf1 Bh3+ 38. Kg1 Ra1+ 39. Rd1 Rxd1# 0-1


[Site "https://www.chess.com"]

[Event "Titled Tuesday Blitz April 25 Early 2023"]
[White "Rios Escobar, Adan"]
[Black "Nikologorskiy, Konstantin"]
[WhiteFideId "3403645"]
[BlackFideId "24111708"]
[WhiteElo "2502"]
[BlackElo "2293"]
[Result "0-1"]
[Round "10"]
[TimeControl "180+2"]
[Date "2023.04.25"]
[WhiteClock "0:00:03"]
[BlackClock "0:00:25"]

1. d4 Nf6 2. g3 e6 3. c4 Be7 4. Nf3 d5 5. Bg2 O-O 6. O-O dxc4 7. Qc2 a6 8. a4 Bd7 9. Rd1 Bc6 10. Nc3 a5 11. e4 Na6 12. Ne5 Nb4 13. Qe2 Re8 14. Nxc4 b6 15. Ne5 Bb7 16. Bf4 Nd7 17. Nf3 Rc8 18. Rac1 Bd6 19. Bg5 Be7 20. Bf4 Bd6 21. Bxd6 cxd6 22. Nb5 Qe7 23. e5 dxe5 24. dxe5 Rxc1 25. Rxc1 Nc5 26. Nd6 Rd8 27. Qe3 Bd5 28. h4 f6 29. Nc4 Ncd3 30. Rc3 Bxc4 31. Rxc4 Nxb2 32. exf6 Qxf6 33. Rf4 Nd5 34. Rxf6 Nxe3 35. Rxe6 Nxg2 36. Kxg2 Nxa4 37. Re7 Nc5 38. Re5 a4 39. Re3 Ra8 40. Ra3 b5 41. Nd4 b4 42. Ra1 b3 43. Nb5 b2 44. Rb1 a3 45. Nxa3 Rxa3 46. Rxb2 Nd3 47. Rd2 h5 48. Re2 Kh7 49. Rd2 Ne5 50. Re2 Ng4 51. Rd2 Kg6 52. Rc2 Kf5 53. Rc5+ Kg6 54. Rg5+ Kh6 55. Rf5 Ra2 56. Rf4 Kg6 57. Rf8 Nf6 58. Rd8 Kf7 59. Rd6 Ng4 60. Rd7+ Kf6 61. Rd6+ Ke5 62. Rg6 Rxf2+ 63. Kg1 Rf7 64. Rg5+ Ke4 65. Rxh5 Kf3 66. Rg5 Kxg3 67. h5 Ra7 68. Kf1 Ra2 69. h6 gxh6 70. Rh5 Kf3 71. Rf5+ Kg3 72. Rh5 Ra7 73. Ke1 Rg7 74. Rf5 Rg5 75. Rf6 h5 76. Rf7 h4 77. Rh7 h3 78. Kf1 Rf5+ 79. Kg1 h2+ 80. Rxh2 Nxh2 81. Kh1 Rf1# 0-1


[Site "https://www.chess.com"]

[Event "Titled Tuesday Blitz April 25 Early 2023"]
[White "Sielecki, Christof"]
[Black "Akylbek2021"]
[WhiteFideId "4620437"]
[WhiteElo "2443"]
[BlackElo "2485"]
[Result "0-1"]
[Round "10"]
[TimeControl "180+2"]
[Date "2023.04.25"]
[WhiteClock "0:00:03"]
[BlackClock "0:00:09"]

1. e4 c5 2. Nf3 Nc6 3. Bb5 d6 4. O-O Bd7 5. Re1 Nf6 6. c3 a6 7. Bf1 Bg4 8. h3 Bxf3 9. Qxf3 e6 10. d3 Be7 11. Qd1 O-O 12. Nd2 d5 13. e5 Nd7 14. Nf3 f6 15. exf6 Rxf6 16. d4 Qf8 17. Be3 Rd8 18. Be2 e5 19. dxe5 Ndxe5 20. Nxe5 Nxe5 21. Qb3 b5 22. Rad1 Qf7 23. f4 Ng6 24. g3 Re6 25. Bf3 c4 26. Qc2 Rxe3 27. Rxe3 Bc5 28. Rd4 Bxd4 29. cxd4 Ne7 30. Bg4 Rd6 31. Qe2 Kf8 32. Qe1 Qf6 33. Re5 g6 34. Qb4 h5 35. Bf3 Kg7 36. Qc5 Nf5 37. Qc7+ Kh6 38. g4 Qg7 39. g5+ Kh7 40. Qxg7+ Kxg7 41. Rxd5 Rxd5 42. Bxd5 Nxd4 43. Kf2 Nc2 44. Be4 Nb4 45. a3 Na2 46. Ke3 a5 47. Bb1 Nc1 48. Kd2 Nb3+ 49. Kc3 h4 50. f5 gxf5 51. Bxf5 Nc5 52. Kd4 Na4 0-1


[Site "https://www.chess.com"]

[Event "Titled Tuesday Blitz April 25 Early 2023"]
[White "Schnaider, Ilan"]
[Black "Toncheva, Nadya"]
[WhiteFideId "169013"]
[BlackFideId "2924056"]
[WhiteElo "2224"]
[BlackElo "2101"]
[Result "1-0"]
[Round "10"]
[TimeControl "180+2"]
[Date "2023.04.25"]
[WhiteClock "0:00:14"]
[BlackClock "0:00:11"]

1. d4 d5 2. c4 dxc4 3. Nf3 Nf6 4. e3 e6 5. Bxc4 c5 6. O-O a6 7. Nc3 Nbd7 8. dxc5 Bxc5 9. e4 Qc7 10. Bg5 b5 11. Bd3 Bb7 12. Bh4 h6 13. Bg3 Qb6 14. a4 b4 15. a5 Qc6 16. Na4 Nxe4 17. Bxe4 Qxe4 18. Qxd7+ Kxd7 19. Nxc5+ Ke7 20. Nxe4 Bxe4 21. Rac1 Rhd8 22. Rc7+ Rd7 23. Rxd7+ Kxd7 24. Ne5+ Ke8 25. Rd1 Bd5 26. h4 Rc8 27. Nd3 b3 28. Rc1 Rd8 29. Rc3 g5 30. hxg5 hxg5 31. Nc5 f5 32. Be5 Kf7 33. Nxb3 f4 34. Nd4 Kg6 35. Rc7 Be4 36. f3 Bb1 37. Rg7+ Kh6 38. Bf6 Rd5 39. Nxe6 Rxa5 40. Bxg5+ 1-0


[Site "https://www.chess.com"]

[Event "Titled Tuesday Blitz April 25 Early 2023"]
[White "Berezin, Viktor"]
[Black "Namitbir Singh Walia"]
[WhiteFideId "14107872"]
[BlackFideId "35071068"]
[WhiteElo "2310"]
[BlackElo "2239"]
[Result "0-1"]
[Round "10"]
[TimeControl "180+2"]
[Date "2023.04.25"]
[WhiteClock "0:00:43"]
[BlackClock "0:00:17"]

1. d4 Nf6 2. Nf3 g6 3. g3 Bg7 4. Bg2 O-O 5. O-O d5 6. c4 c6 7. cxd5 cxd5 8. Nc3 Ne4 9. Qb3 Nxc3 10. bxc3 Nc6 11. e3 Na5 12. Qc2 b6 13. Nd2 Ba6 14. Rd1 Rc8 15. Bb2 Qd7 16. Rac1 Rc7 17. Qb1 Rfc8 18. e4 dxe4 19. Nxe4 Nc4 20. Ba1 Bh6 21. h4 Bb7 22. h5 Qg4 23. hxg6 hxg6 24. Qd3 Bxc1 25. Rxc1 Nd6 26. Nxd6 exd6 27. Bxb7 Rxb7 28. c4 d5 29. c5 Re7 30. Bb2 Re2 31. Bc3 Qe4 32. Qa6 Re8 33. c6 Qf3 34. Rf1 Qxc3 35. Qb7 R2e7 36. Qa6 Qxc6 0-1


[Site "https://www.chess.com"]

[Event "Titled Tuesday Blitz April 25 Early 2023"]
[White "Vlassov, Nikolai"]
[Black "Shuvalov, Evgenij"]
[WhiteFideId "4103360"]
[BlackFideId "4187237"]
[WhiteElo "2324"]
[BlackElo "2080"]
[Result "1/2-1/2"]
[Round "10"]
[TimeControl "180+2"]
[Date "2023.04.25"]
[WhiteClock "0:00:10"]
[BlackClock "0:00:08"]

1. g4 d5 2. Bg2 Bxg4 3. c4 c6 4. Qb3 Nf6 5. Qxb7 Nbd7 6. d4 e5 7. cxd5 cxd5 8. dxe5 Nxe5 9. Bf4 Bd6 10. Nc3 Rb8 11. Qxa7 O-O 12. Kf1 Rxb2 13. Rd1 Nc6 14. Qe3 Re8 15. Qg3 Bxf4 16. Qxf4 Ne7 17. Nxd5 Nexd5 18. Bxd5 Nxd5 19. Qxg4 Ne3+ 20. fxe3 Qxd1+ 21. Kf2 Rb1 22. Qd4 Qf1+ 23. Kg3 h6 24. h4 Rb5 25. a4 Rbe5 26. Nf3 Qxh1 27. Nxe5 Qg1+ 28. Kf3 Qf1+ 29. Kg3 Qf6 30. Nf3 Qg6+ 31. Kf2 Re4 32. Qd8+ Kh7 33. a5 Ra4 34. Qd3 Rxa5 35. e4 Ra4 36. e5 Re4 37. Ke1 Qf5 38. Kd2 Qf4+ 39. Kd1 g6 40. h5 Re3 41. hxg6+ fxg6 42. Qd7+ Kh8 43. Qc8+ Kg7 44. Qb7+ Qf7 45. Qb6 Qd5+ 46. Ke1 Rxf3 47. exf3 Qxe5+ 48. Kf2 Qh2+ 49. Ke3 Qe5+ 50. Kf2 Qf6 51. Qc7+ Qf7 52. Qe5+ Kh7 53. Kg3 h5 54. Kg2 Kh6 55. Qe3+ Kh7 56. Qe4 Kg7 57. Qe5+ Qf6 58. Qc7+ Kh6 59. Kf2 Qh4+ 60. Kg2 Qg5+ 61. Kf2 h4 62. Qc8 Qf6 63. Qg4 Qg5 64. Qc8 Qg3+ 65. Ke3 Qe1+ 66. Kf4 Qg3+ 67. Ke3 Qe1+ 68. Kf4 Qg3+ 69. Ke3 1/2-1/2


[Site "https://www.chess.com"]

[Event "Titled Tuesday Blitz April 25 Early 2023"]
[White "Vestby-Ellingsen, Mads"]
[Black "Hajiyev, Kanan"]
[WhiteFideId "1520857"]
[BlackFideId "13404148"]
[WhiteElo "2246"]
[BlackElo "2103"]
[Result "1-0"]
[Round "10"]
[TimeControl "180+2"]
[Date "2023.04.25"]
[WhiteClock "0:01:04"]
[BlackClock "0:00:01"]

1. f3 e5 2. Kf2 d5 3. e3 c5 4. d4 cxd4 5. exd4 exd4 6. Ne2 Nc6 7. Nd2 Nh6 8. Nb3 Nf5 9. g4 Qh4+ 10. Kg2 Ne3+ 11. Bxe3 dxe3 12. Qe1 Qf6 13. Nc3 d4 14. Nb5 Bd6 15. N3xd4 Nxd4 16. Qxe3+ Be5 17. Nc7+ Kf8 18. Nxa8 h5 19. Re1 Nc6 20. g5 Qe6 21. h4 Qd6 22. Bb5 g6 23. Bxc6 bxc6 24. Qxe5 Qd2+ 25. Re2 1-0


[Site "https://www.chess.com"]

[Event "Titled Tuesday Blitz April 25 Early 2023"]
[White "Chirivi C, Jenny Astrid"]
[Black "Hirneise, Jens"]
[WhiteFideId "4403061"]
[BlackFideId "24614734"]
[WhiteElo "2001"]
[BlackElo "2345"]
[Result "1-0"]
[Round "10"]
[TimeControl "180+2"]
[Date "2023.04.25"]
[WhiteClock "0:00:14"]
[BlackClock "0:00:10"]

1. d4 Nf6 2. c4 e6 3. Nc3 d5 4. cxd5 exd5 5. Bg5 Be7 6. e3 O-O 7. Qc2 Nbd7 8. Bd3 Re8 9. Nge2 Nf8 10. O-O Ng6 11. f3 c6 12. Rae1 Nh5 13. Bxe7 Qxe7 14. e4 dxe4 15. fxe4 Qg5 16. Bc4 Nh4 17. Bxf7+ Kh8 18. Ng3 Bg4 19. Bxe8 Rxe8 20. Qf2 h6 21. Nxh5 Bxh5 22. Qg3 Qd8 23. d5 Ng6 24. Kh1 Re5 25. Rf5 Qe7 26. Ref1 Kh7 27. dxc6 bxc6 28. h3 a5 29. a3 Rc5 30. Rxc5 Qxc5 31. Rf5 Qb6 32. Rxh5 Qxb2 33. Rf5 Qc1+ 34. Kh2 Qxa3 35. Rf7 Qb3 36. Rc7 a4 37. e5 a3 38. Ne4 Qxg3+ 39. Nxg3 Nxe5 40. Nf5 Kg6 41. Nxg7 a2 42. Ra7 a1=Q 43. Rxa1 Kxg7 44. Kg3 Kf6 45. Kf4 c5 46. Ke4 c4 47. Ra6+ Kg5 48. Kxe5 Kh4 49. Rxh6+ Kg3 50. Rc6 Kxg2 51. h4 Kg3 52. h5 Kg4 53. h6 Kg5 54. h7 c3 55. h8=Q c2 56. Qg7+ Kh5 57. Rh6# 1-0


[Site "https://www.chess.com"]

[Event "Titled Tuesday Blitz April 25 Early 2023"]
[White "Rosenberg, Evan S"]
[Black "Kuzmin, Roman"]
[WhiteFideId "2019299"]
[BlackFideId "44134932"]
[WhiteElo "2309"]
[BlackElo "2192"]
[Result "1-0"]
[Round "10"]
[TimeControl "180+2"]
[Date "2023.04.25"]
[WhiteClock "0:01:57"]
[BlackClock "0:00:56"]

1. d4 Nf6 2. Nf3 e6 3. g3 d5 4. Bg2 Be7 5. O-O O-O 6. c4 Nbd7 7. Nc3 dxc4 8. e4 b5 9. e5 Nd5 10. Nxb5 N7b6 11. a4 a5 12. h4 h6 13. Bd2 c6 14. Nc3 c5 15. Qc1 Re8 16. Bxh6 gxh6 17. Qxh6 Nxc3 18. bxc3 cxd4 19. Nxd4 Nd5 20. Be4 f5 21. Nxe6 Bf8 22. Qg6+ Kh8 23. Nxd8 1-0


[Site "https://www.chess.com"]

[Event "Titled Tuesday Blitz April 25 Early 2023"]
[White "Spata, German"]
[Black "KorolDimitriy75"]
[WhiteFideId "113026"]
[WhiteElo "2238"]
[BlackElo "2433"]
[Result "1-0"]
[Round "10"]
[TimeControl "180+2"]
[Date "2023.04.25"]
[WhiteClock "0:00:35"]
[BlackClock "0:00:01"]

1. Nf3 c5 2. g3 g6 3. Bg2 Bg7 4. O-O Nc6 5. d3 e5 6. c4 Nge7 7. Nc3 O-O 8. Ne1 d6 9. Nc2 f5 10. Bg5 Be6 11. Ne3 Qd7 12. Rb1 Rae8 13. Bxe7 Rxe7 14. Ned5 Ref7 15. b4 b6 16. bxc5 dxc5 17. Qa4 Rc8 18. Qb5 h6 19. a4 Kh7 20. Rfd1 Qd8 21. e3 Na5 22. Qb2 Qf8 23. Qe2 h5 24. Kh1 Qd8 25. h4 Qf8 26. Kg1 Rd8 27. Nb5 Rc8 28. Nbc3 Rd8 29. Bh3 Qe8 30. Kh2 Qd7 31. Rg1 Re8 32. e4 f4 33. Bxe6 Qxe6 34. Qf3 Nc6 35. Ne2 Bh6 36. g4 hxg4 37. Rxg4 Rg8 38. Rbg1 Rfg7 39. Qh3 Kh8 40. f3 Rh7 41. R4g2 Bf8 42. Qxe6 1-0


[Site "https://www.chess.com"]

[Event "Titled Tuesday Blitz April 25 Early 2023"]
[White "Lenaerts, Lennert"]
[Black "Koridze, Lile"]
[WhiteFideId "211435"]
[BlackFideId "13612514"]
[WhiteElo "2334"]
[BlackElo "2047"]
[Result "1-0"]
[Round "10"]
[TimeControl "180+2"]
[Date "2023.04.25"]
[WhiteClock "0:01:06"]
[BlackClock "0:00:14"]

1. d4 Nf6 2. c4 e6 3. Nc3 Bb4 4. g3 O-O 5. Bg2 Bxc3+ 6. bxc3 d5 7. Nf3 Nbd7 8. O-O c5 9. cxd5 Nxd5 10. Qb3 cxd4 11. cxd4 b6 12. Rd1 Ba6 13. e4 N5f6 14. Ne5 Qc7 15. Ba3 Rfd8 16. Rac1 Qb7 17. Nc6 Re8 18. e5 Nd5 19. Bxd5 exd5 20. Qxd5 Nf8 21. Nb4 Rad8 22. Qxb7 Bxb7 23. Nc6 Bxc6 24. Rxc6 Rxe5 25. dxe5 Rxd1+ 26. Kg2 Ne6 27. Bd6 h6 28. Rc8+ Kh7 29. Ra8 a5 30. Ra7 Kg6 31. h4 h5 32. Rb7 Rd2 33. a3 Rb2 34. Kf3 b5 35. Ke3 Rb3+ 36. Ke4 Rb2 37. f4 Nd8 38. f5+ Kh7 39. Rd7 Nc6 40. Rxf7 b4 41. axb4 axb4 42. f6 b3 43. Rxg7+ Kh8 44. Rb7 Na5 45. f7 Rf2 46. Rb8+ Kh7 47. f8=Q Rxf8 48. Bxf8 1-0


[Site "https://www.chess.com"]

[Event "Titled Tuesday Blitz April 25 Early 2023"]
[White "Kielinkei"]
[Black "Ibadov, Dashgyn"]
[BlackFideId "24107514"]
[WhiteElo "2421"]
[BlackElo "2208"]
[Result "0-1"]
[Round "10"]
[TimeControl "180+2"]
[Date "2023.04.25"]
[WhiteClock "0:00:04"]
[BlackClock "0:00:11"]

1. e4 c5 2. a3 e5 3. Nc3 Nf6 4. Nf3 Nc6 5. Bb5 Bd6 6. d3 O-O 7. O-O Nd4 8. Bc4 h6 9. h3 Be7 10. Nxd4 cxd4 11. Nd5 d6 12. f4 Nxd5 13. Bxd5 Be6 14. Bxb7 Rb8 15. Bd5 Bxd5 16. exd5 Qa5 17. fxe5 dxe5 18. Qg4 Rb6 19. Qd7 Bd6 20. Rf5 Qxd5 21. Bf4 Rb7 22. Rxe5 Qxe5 23. Qxd6 Qxd6 24. Bxd6 Rd8 25. Bb4 Rc8 26. c4 a5 27. Bxa5 Rxb2 28. Bb4 Re8 29. Re1 Rxe1+ 30. Bxe1 Rb3 31. c5 Rxd3 32. Kf2 Rxa3 33. Ke2 f6 34. Bf2 Ra4 35. Kd3 Kf7 36. Bxd4 Ke6 37. Be3 Kd5 38. Ke2 Ra2+ 39. Kf3 Ra3 40. Kf2 f5 41. g3 g5 42. h4 gxh4 43. gxh4 h5 44. Kf3 Rb3 45. Kf4 Ke6 46. Kf3 Ke5 47. Ke2 Ke4 48. Bd2 Rb5 49. Be3 Rb2+ 50. Bd2 Rc2 51. Kd1 Rxc5 52. Bg5 f4 53. Ke2 f3+ 54. Kf1 Rc2 55. Bf6 Ke3 56. Bg5+ Ke4 57. Kg1 Kf5 58. Kf1 Kg4 59. Kg1 Rg2+ 60. Kf1 Rh2 61. Be7 Rxh4 62. Kg1 Rh3 63. Bd6 Rg3+ 64. Bxg3 Kxg3 65. Kh1 Kh3 66. Kg1 Kg3 67. Kh1 Kf2 68. Kh2 Ke2 0-1


[Site "https://www.chess.com"]

[Event "Titled Tuesday Blitz April 25 Early 2023"]
[White "Panesso Rivera, Henry"]
[Black "kuanysh1981"]
[WhiteFideId "4402707"]
[WhiteElo "2345"]
[BlackElo "2423"]
[Result "1-0"]
[Round "10"]
[TimeControl "180+2"]
[Date "2023.04.25"]
[WhiteClock "0:00:11"]
[BlackClock "0:00:05"]

1. Nf3 Nf6 2. Rg1 g6 3. g4 d6 4. d4 Bxg4 5. Nc3 Bg7 6. Bg5 Bxf3 7. exf3 Nbd7 8. Qd2 h6 9. Be3 c6 10. O-O-O Qa5 11. Kb1 O-O-O 12. Bc4 e6 13. Bxe6 fxe6 14. Rxg6 Rh7 15. Rdg1 Bf8 16. Qd3 Qf5 17. Ne4 Qxf3 18. Nxf6 Nxf6 19. Rxf6 Qxf6 20. Qxh7 Rd7 21. Qg8 Kc7 22. a3 Qf7 23. Qg3 Bg7 24. c4 Qf5+ 25. Ka2 Qd3 26. Rc1 Bxd4 27. Bxd4 Qxd4 28. c5 Qe5 29. cxd6+ Qxd6 30. Qe3 Qd5+ 31. Ka1 e5 32. Rg1 Qd4 33. Qf3 h5 34. Re1 Qd2 35. Qe4 Rd5 36. Qh7+ Kb6 37. Re3 Rb5 38. Qb1 Qxf2 39. Rxe5 Qxh2 40. Rxb5+ Kxb5 41. Qd3+ Kb6 42. Qd4+ Kc7 43. Qg7+ Kd6 44. Qxb7 Qh1+ 45. Ka2 Qd5+ 46. Ka1 a5 47. Qb8+ Kc5 48. Qc7 Kc4 49. Qf4+ Kb5 50. Qb8+ Ka4 51. Qf8 Qd1+ 52. Ka2 Qb3+ 53. Ka1 Qd5 54. Qf4+ Kb5 55. Qf8 Kc4 56. Qf6 c5 57. Qa6+ Kd4 58. Qxa5 h4 59. Qd2+ Ke4 60. Qg2+ Ke5 61. Qg5+ Kd6 62. Qf6+ Kc7 63. Qxh4 Qd1+ 64. Ka2 Qd5+ 65. Kb1 Qd1+ 66. Ka2 Qd5+ 67. b3 Qd2+ 68. Ka1 Qc1+ 69. Ka2 Qc2+ 70. Ka1 Qxb3 71. a4 Kb6 72. Qf4 Ka5 73. Qc7+ Kxa4 74. Qa7+ Kb4 75. Qb6+ Kc4 76. Qe6+ Kc3 77. Qe3+ Kb4 78. Qh6 Qc3+ 79. Kb1 Qd3+ 80. Ka1 Qd1+ 81. Kb2 Qe2+ 82. Kb1 Kc3 83. Qf6+ Kb3 84. Qb6+ Kc4 85. Qa6+ Kb3 86. Qxe2 1-0


[Site "https://www.chess.com"]

[Event "Titled Tuesday Blitz April 25 Early 2023"]
[White "Omariev, Maksim"]
[Black "Yelisieiev, Yevhenii"]
[WhiteFideId "4193423"]
[BlackFideId "14139642"]
[WhiteElo "2421"]
[BlackElo "2425"]
[Result "1-0"]
[Round "10"]
[TimeControl "180+2"]
[Date "2023.04.25"]
[WhiteClock "0:00:04"]
[BlackClock "0:00:01"]

1. g4 d6 2. Bg2 c6 3. h3 e5 4. d4 Be7 5. Nc3 Nf6 6. dxe5 dxe5 7. Qxd8+ Bxd8 8. Nf3 Nbd7 9. Bg5 Ba5 10. Bd2 O-O 11. O-O-O Re8 12. Ng5 Nc5 13. Be3 Ne6 14. Nge4 Nxe4 15. Nxe4 Nd4 16. Bxd4 exd4 17. Rxd4 Bb6 18. Rd2 Be6 19. Nd6 Re7 20. e3 Rd8 21. a3 Red7 22. Rhd1 Kf8 23. Nxb7 Rxd2 24. Rxd2 Rxd2 25. Kxd2 Ke7 26. Bxc6 h5 27. b4 hxg4 28. hxg4 Bxg4 29. c4 Be6 30. c5 Bc7 31. Bf3 g5 32. a4 f5 33. a5 g4 34. Be2 Bd5 35. a6 f4 36. exf4 Bxf4+ 37. Ke1 g3 38. fxg3 Bxg3+ 39. Kd2 Be5 40. b5 Kd7 41. Bd3 Kc7 42. Nd6 Bd4 43. b6+ axb6 44. Nb5+ Kc6 45. Nxd4+ Kxc5 46. Nc2 b5 47. Na3 b4 48. Nc2 b3 49. Ne3 Ba8 50. Kc3 b2 51. Nd1 1-0


[Site "https://www.chess.com"]